 Dungeon Crawl Stone Soup version 0.31-a0-765-g67fe2935dc (webtiles) character file.

Game seed: 821249971358349135

17598 Pixllover the Cleaver (level 12, 0/118 HPs)
             Began as a Gargoyle Berserker on Sept 16, 2023.
             Was an Initiate of Trog.
             Slain by a skeletal warrior
             ... wielding a +1 morningstar of protection
              (2 damage)
             ... on level 12 of the Dungeon.
             The game lasted 00:41:07 (13042 turns).

Pixllover the Cleaver (Gargoyle Berserker)         Turns: 13042, Time: 00:41:07

Health: 0/118      AC: 26    Str: 26    XL:     12   Next: 49%
Magic:  12/12      EV:  2    Int: 11    God:    Trog [......]
Gold:   634        SH:  0    Dex:  9    Spells: 11/11 levels left

rFire   . . .        E - +3 broad axe (flame)
rCold   + . .        (no shield)
rNeg    + . .        s - melded +5 scale mail of Guhuman {+Blink Int+3}
rPois   ∞            c - melded +2 helmet
rElec   .            l - melded scarf {repulsion}
rCorr   +            d - melded +2 pair of gloves
SInv    .            (boots currently unavailable)
Will    .....        P - dreamdust necklace {Acrobat}
Stlth   ++           W - ring "Wioff" {rF+ rCorr}
HPRegen 0.39/turn    T - ring "Qalarih" {Ice rCorr Int+3 Slay+2}
MPRegen 0.13/turn

%: acrobat
@: tree-form, studying Stealth
A: stationary, stasis, torment immunity, boosted hp, sickness immunity, AC +8,
negative energy resistance 1, (electricity resistance), torment resistance 1,
petrification resistance
a: Renounce Religion


You were on level 12 of the Dungeon.
You worshipped Trog.
Trog was noncommittal.
You were a tree.
You visited 1 branch of the dungeon, and saw 12 of its levels.
You also visited: Trove, Ossuary and Bailey.

You collected 820 gold pieces.
You spent 186 gold pieces at shops.

Inventory:

Hand Weapons
 E - a +3 broad axe of flaming (weapon)
Missiles
 k - 72 poisoned darts
 K - 13 boomerangs
 L - 8 datura-tipped darts
Armour
 c - a +2 helmet (melded)
 d - a +2 pair of gloves (melded)
 l - a scarf of repulsion (melded)
 s - the +5 scale mail of Guhuman (melded) {+Blink Int+3}
   (You took it off a gnoll sergeant on level 8 of the Dungeon)

   Int+3:     It affects your intelligence (+3).
   +Blink:    It lets you blink.
Jewellery
 P - the dreamdust necklace (around neck) {Acrobat}
   (You found it in a treasure trove)

   [amulet of the acrobat]

   Acrobat:   It increases your evasion while moving and waiting.
 T - the ring "Qalarih" (right branch) {Ice rCorr Int+3 Slay+2}
   (You found it in a treasure trove)

   [ring of ice]

   Ice:       It enhances your ice magic.
   Int+3:     It affects your intelligence (+3).
   Slay+2:    It affects your accuracy & damage with ranged weapons and melee
   (+2).
   rF-:       It makes you vulnerable to fire.
   rC+:       It protects you from cold.
   rCorr:     It protects you from acid and corrosion.
 W - the ring "Wioff" (left branch) {rF+ rCorr}
   (You found it in a treasure trove)

   [ring of resist corrosion]

   rF+:       It protects you from fire.
   rCorr:     It protects you from acid and corrosion.
Wands
 a - a wand of flame (6) (quivered)
 f - a wand of paralysis (15)
 h - a wand of roots (3)
 x - a wand of digging (10)
Scrolls
 b - 2 scrolls of noise
 g - a scroll of silence {unknown}
 r - 2 scrolls of teleportation
 t - 2 scrolls of butterflies {unknown}
 u - a scroll of enchant armour
 w - 3 scrolls of enchant weapon
 y - 3 scrolls of revelation
 A - 2 scrolls of poison {unknown}
 B - 2 scrolls of immolation {unknown}
 J - 2 scrolls of blinking
 M - a scroll of fog {unknown}
Potions
 e - a potion of invisibility
 j - 4 potions of ambrosia
 n - a potion of lignification
 o - 4 potions of attraction
 p - a potion of heal wounds {unknown}
 q - 6 potions of curing
 z - 3 potions of enlightenment
 C - a potion of haste {unknown}
 D - 2 potions of resistance
 H - 2 potions of might
 I - 2 potions of berserk rage


   Skills:
 + Level 10.6 Fighting
 + Level 12.0(12.9) Axes
 + Level 8.1(11.6) Maces & Flails
 + Level 0.9 Throwing
 + Level 9.5 Armour
 + Level 5.5 Dodging
 + Level 3.4 Stealth
 + Level 0.3 Evocations


You had 11 spell levels left.
You didn't know any spells.
Your spell library was empty.

Dungeon Overview and Level Annotations

Branches:
Dungeon (12/15)            Temple (0/1) D:4            Lair (0/5) D:8
    Orc (0/2) D:12        Ossuary (visited)          Bailey (visited)

Altars:
Elyvilon
Fedhas
Hepliaklqana
Makhleb
Nemelex Xobeh
Okawaru
Ru
Sif Muna
Trog
Vehumet
Yredelemnul
Zin
The Shining One

Shops:
D:5 =   D:10 ?


Innate Abilities, Weirdness & Mutations

You are a tree.
Your roots penetrate the ground, keeping you stationary.
You cannot be teleported.
You are immune to unholy pain and torment.
Your maximum health is greatly increased.
Your equipment is partially melded.
You are immune to sickness and miasma.
((Your stone body is resilient. (AC +8)))
You are immune to poison.
You resist negative energy. (rN+)
((You are resistant to electric shocks. (rElec)))
You are resistant to unholy torment.
You are immune to petrification.


Message History

You start resting.
A skeletal warrior comes into view.
It is wielding a +1 morningstar of protection.
A skeletal warrior is nearby!
The skeletal warrior completely misses you.
Items here: $ (( ))) [ †.
You hit the skeletal warrior but do no damage.
The skeletal warrior hits you with a +1 morningstar of protection!!
You hit the skeletal warrior. You burn the skeletal warrior.
The skeletal warrior is lightly damaged.
The skeletal warrior hits you with a +1 morningstar of protection.
You barely miss the skeletal warrior.
The skeletal warrior is lightly damaged.
The skeletal warrior hits you with a +1 morningstar of protection.
You hit the skeletal warrior. You burn the skeletal warrior.
The skeletal warrior is lightly damaged.
The skeletal warrior hits you with a +1 morningstar of protection.
You hit the skeletal warrior but do no damage.
The skeletal warrior is lightly damaged.
The skeletal warrior hits you with a +1 morningstar of protection!!
* * * LOW HITPOINT WARNING * * *
You turn into a tree.
Your scarf of repulsion melds into your body.
Your +2 helmet melds into your body.
Your +2 pair of gloves melds into your body.
The +5 scale mail of Guhuman {+Blink Int+3} melds into your body.
The haze of the repulsion field disappears.
Your roots penetrate the ground.
The skeletal warrior completely misses you.
You hit the skeletal warrior but do no damage.
The skeletal warrior is lightly damaged.
The skeletal warrior hits you with a +1 morningstar of protection!
* * * LOW HITPOINT WARNING * * *
You slash the skeletal warrior! You burn the skeletal warrior.
The skeletal warrior is moderately damaged.
The skeletal warrior hits you with a +1 morningstar of protection.
* * * LOW HITPOINT WARNING * * *
You completely miss the skeletal warrior.
The skeletal warrior is moderately damaged.
The skeletal warrior hits you with a +1 morningstar of protection.
You die...

......# #......# ......#
#....#.# ......# #....#.#
#......9.. ......# #......#
#......... ......#
###'#..###......... ......#
#.#...##......... ......#
#.#.#.##......... ......#
#.#.#.##T........
......##########♣#.#..#.........
...((())....)..z.#.##...........
......############..........>...
+###'## ############### #.# #.#
#.# #.#
#.#########################


You could see a skeletal warrior.

Vanquished Creatures
  4 two-headed ogres
  3 death yaks
  3 skeletal warriors (D:12)
  Pikel (D:6)
  2 cyclopes (D:12)
  A gargoyle (D:11)
  2 unseen horrors (D:11)
  A komodo dragon (D:10)
  2 trolls
  The ghost of Heedrag the Insei, an amateur DsSh (D:4)
  A vampire (D:10)
  4 wraiths
  A steam dragon (D:8)
  6 yaks (D:11)
  Eustachio (D:6)
  Menkaure (D:6)
  Grum (D:11)
  3 black bears (D:6)
  7 orc warriors
  2 ice beasts
  2 ogres
  4 wolves
  6 centaurs
  4 elf zombies (Ossuary)
  4 bullfrogs
  8 kobold brigands
  2 gnoll sergeants
  6 scorpions
  7 wights
  6 killer bees
  7 howler monkeys
  An electric eel (D:7)
  2 human zombies (Ossuary)
  2 centaur zombies (Ossuary)
  2 hounds
  2 jellies
  2 orc priests
  A gnoll bouda (D:7)
  5 iguanas
  A sleepcap (D:7)
  Jessica (D:2)
  Natasha (thrice) (D:2)
  4 orc wizards
  2 mummies (Ossuary)
  16 gnolls
  6 adders
  A river rat (D:8)
  4 shadow imps
  A white imp (D:7)
  An adder zombie (Ossuary)
  A worm (D:2)
  2 dart slugs (D:2)
  26 orcs
  10 ball pythons
  4 endoplasms
  3 giant cockroaches
  13 goblins
  6 hobgoblins
  8 jackals
  25 kobolds
  7 quokkas
  5 bats
  3 frilled lizards
  2 goblin zombies
  6 hobgoblin zombies (Ossuary)
  11 kobold zombies (Ossuary)
  9 orc zombies (Ossuary)
  A quokka zombie (D:5)
  6 rats
  A rat zombie (Ossuary)
309 creatures vanquished.

Vanquished Creatures (collateral kills)
  A two-headed ogre (D:12)
  A gargoyle (D:12)
  A troll (D:12)
  A shadow (D:12)
  2 orc priests (D:12)
  2 orcs (D:12)
8 creatures vanquished.

Vanquished Creatures (others)
  A centaur (D:7)
1 creature vanquished.

Grand Total: 318 creatures vanquished

Notes
Turn   | Place    | Note
-------+----------+-------------------------------------------
     0 | D:1      | Pixllover the Gargoyle Berserker began the quest for the
                  | Orb.
     0 | D:1      | Reached XP level 1. HP: 14/14 MP: 1/1
   114 | D:1      | Reached XP level 2. HP: 19/19 MP: 2/2
   439 | D:1      | Reached XP level 3. HP: 24/24 MP: 3/3
   529 | D:1      | Reached ** piety under Trog
   942 | D:2      | Noticed Jessica
   948 | D:2      | Killed Jessica
   949 | D:2      | Reached XP level 4. HP: 29/29 MP: 4/4
  1025 | D:2      | Reached skill level 4 in Axes
  1025 | D:2      | Reached skill level 5 in Armour
  1025 | D:2      | Reached XP level 5. HP: 34/37 MP: 5/5
  1054 | D:2      | Noticed Natasha
  1061 | D:2      | Killed Natasha
  1343 | D:2      | Noticed Natasha
  1360 | D:2      | Killed Natasha
  1575 | D:2      | Noticed Natasha
  1590 | D:2      | Killed Natasha
  1591 | D:2      | Reached XP level 6. HP: 40/42 MP: 6/6
  2098 | D:3      | Found a faded altar of an unknown god.
  2104 | D:3      | Found a shimmering blue altar of Sif Muna.
  2935 | D:4      | Found a bloodstained altar of Trog.
  3051 | D:4      | Found a staircase to the Ecumenical Temple.
  3188 | D:4      | Found an iron altar of Okawaru.
  3189 | D:4      | Found a hazy altar of Hepliaklqana.
  3317 | D:4      | Found a runed translucent gate.
  3318 | D:4      | Found a runed translucent gate.
  3322 | D:4      | Found a runed translucent gate.
  3323 | D:4      | Noticed Heedrag's ghost (amateur DsSh)
  3493 | D:4      | Found a burning altar of Makhleb.
  3669 | D:5      | Entered Level 5 of the Dungeon
  3696 | D:5      | Reached XP level 7. HP: 47/47 MP: 7/7
  3730 | D:5      | Reached *** piety under Trog
  3781 | D:5      | Reached skill level 1 in Stealth
  4073 | D:5      | Found Eraeg's Jewellery Shop.
  4188 | D:5      | Reached XP level 8. HP: 41/52 MP: 8/8
  4226 | D:5      | Found a sand-covered staircase.
  4234 | Ossuary  | Entered an ossuary
  4321 | Ossuary  | Reached **** piety under Trog
  4382 | Ossuary  | Reached skill level 5 in Axes
  4954 | D:5      | Reached skill level 6 in Axes
  4996 | D:5      | Found a sparkling altar of Nemelex Xobeh.
  5308 | D:6      | Noticed Menkaure
  5335 | D:6      | Killed Menkaure
  5336 | D:6      | Reached XP level 9. HP: 47/57 MP: 5/9
  5646 | D:6      | Noticed Eustachio
  5662 | D:6      | Killed Eustachio
  5663 | D:6      | Reached skill level 7 in Axes
  6072 | D:6      | Found a blossoming altar of Fedhas.
  6164 | D:7      | Noticed Pikel
  6164 | D:7      | Found a glowing golden altar of the Shining One.
  6174 | D:6      | Killed Pikel
  6191 | D:7      | Reached ***** piety under Trog
  6540 | D:7      | Reached XP level 10. HP: 62/64 MP: 10/10
  6664 | D:7      | Found a basalt altar of Yredelemnul.
  6755 | D:7      | Found a white marble altar of Elyvilon.
  7210 | D:8      | Reached skill level 8 in Axes
  7452 | D:4      | Killed Heedrag's ghost
  7635 | D:8      | Identified the +5 scale mail of Guhuman {+Blink Int+3}
  7698 | D:8      | Found a radiant altar of Vehumet.
  7778 | D:8      | Noticed a death yak
  7782 | D:8      | Noticed a death yak
  7805 | D:8      | Killed a death yak
  7805 | D:8      | Noticed a death yak
  7963 | D:6      | Killed a death yak
  7964 | D:6      | Reached skill level 9 in Axes
  8255 | D:8      | Killed a death yak
  8256 | D:8      | Reached skill level 5 in Dodging
  8413 | D:8      | Found a staircase to the Lair.
  8482 | D:8      | Received a gift from Trog
  8486 | D:8      | Noticed a two-headed ogre
  8500 | D:8      | Killed a two-headed ogre
  8501 | D:8      | Reached XP level 11. HP: 69/69 MP: 8/11
  8540 | D:8      | Found a glowing silver altar of Zin.
  8883 | D:9      | Found a sacrificial altar of Ru.
  9605 | D:10     | Entered Level 10 of the Dungeon
  9665 | D:10     | Found Piuceuc's Magic Scroll Emporium.
  9696 | D:10     | Bought a scroll of enchant weapon for 82 gold pieces
  9696 | D:10     | Bought a scroll of blinking for 82 gold pieces
  9696 | D:10     | Bought a scroll of identify for 22 gold pieces
  9802 | D:10     | Found a flagged portal.
  9825 | Bailey   | Entered a bailey
  9860 | Bailey   | Reached skill level 10 in Axes
 10015 | Bailey   | Found a burning altar of Makhleb.
 10566 | D:10     | Found a portal to a secret trove of treasure.
 10679 | Trove    | Entered a treasure trove
 10679 | Trove    | Found the dreamshard necklace {Acrobat *Dream}
 10683 | Trove    | Identified the ring "Oruh" {Fire Contam Str+2 Int+2 Stlth+}
 10688 | Trove    | Identified the amulet of Lofoeg {Acrobat rN+ Dex+3}
 10693 | Trove    | Identified the ring of Molaj {Will+ rCorr Stlth+}
 10697 | Trove    | Identified the ring "Qalarih" {Ice rCorr Int+3 Slay+2}
 10705 | Trove    | Identified the amulet of Plog {Faith +Inv Will+ Int-5}
 10709 | Trove    | Identified the ring "Wioff" {rF+ rCorr}
 10711 | Trove    | Identified the ring "Mow Jicw" {Ice rPois}
 10719 | Trove    | Identified the ring of Sif Muna's Hope {Fly rPois Str+5}
 10724 | Trove    | Identified the ring "Kaoff" {Fly rCorr}
 11083 | D:11     | Noticed a two-headed ogre
 11091 | D:11     | Killed a two-headed ogre
 11173 | D:11     | Noticed Grum
 11440 | D:12     | Noticed a skeletal warrior
 11467 | D:11     | Killed Grum
 11547 | D:11     | Reached skill level 11 in Axes
 11677 | D:11     | Identified the +0 robe "Viunuemi" {SInv}
 11859 | D:11     | Noticed a two-headed ogre
 11869 | D:11     | Killed a two-headed ogre
 11870 | D:11     | Reached skill level 10 in Fighting
 11870 | D:11     | Reached XP level 12. HP: 56/77 MP: 12/12
 12374 | D:12     | Noticed a two-headed ogre
 12381 | D:12     | Killed a two-headed ogre
 12620 | D:12     | Found a staircase to the Orcish Mines.
 12623 | D:12     | HP: 3/77 [orc warrior/+0 trident (11)]
 12646 | D:12     | Noticed a two-headed ogre
 12651 | D:12     | Killed a two-headed ogre
 13019 | D:12     | Reached skill level 12 in Axes
 13040 | D:12     | HP: 4/118 [skeletal warrior/+1 morningstar of protection
                  | (9)]
 13042 | D:12     | Slain by a skeletal warrior

Illustrated notes

Levels and vault maps discovered:
D:1:      pf_arrival_petrified_forest, layout_loops_ring,
          minmay_misc_feat_columns
D:2:      layout_loops_ring, kennysheep_crisscross, uniq_jessica, uniq_natasha
D:3:      layout_loops_corners, nicolae_overflow_ecumenical_swirl
D:4:      layout_basic, nicolae_overflow_crystal_walls, general_overflow_altar,
          grunt_temple_overflow_open, temple_pool_b, ebering_ghost_rock_garden,
          minmay_misc_feat_x
D:5:      layout_loops_corners, mainiacjoe_overflow_alcove_4, serial_shops,
          shop, enter_ossuary_4, minmay_manual_mares
D:6:      layout_cave_pools, mainiacjoe_overflow_alcove_2,
          minmay_stone_trees_large, patterned_corridor, uniq_menkaure,
          uniq_eustachio
D:7:      layout_basic, kennysheep_ying_yang, overflow_temple_1_default,
          serial_bayou_pond_b, uniq_pikel
D:8:      layout_rooms, zin_scriptorium, mainiacjoe_overflow_tiny_flanked,
          dpeg_lair_monsters
D:9:      layout_basic, lemuel_tele_altar
D:10:     layout_cross, enter_bailey_3, serial_shops, shop,
          nicolae_trove_entry_diagonal, nicolae_hexahallways
D:11:     layout_basic, uniq_grum
D:12:     layout_basic, david_orc_4, gauntlet_entry_generic,
          gammafunk_ghost_grave, tso_altar

Skill      XL: |  1  2  3  4  5  6  7  8  9 10 11 12 |
---------------+-------------------------------------+-----
Maces & Flails | 4 7 8 |  8.1
Fighting       | 6 7 8 10 | 10.6
Axes           | 4 6 7 9 11 12 | 12.0
Armour         | 5 6 7 8 9 |  9.5
Dodging        | 4 5 |  5.5
Stealth        | 1 2 3 |  3.4
Throwing       | |  0.9
Evocations     | |  0.3

Action                     |  1- 3 |  4- 6 |  7- 9 | 10-12 || total
---------------------------+-------+-------+-------+-------++-------
  Melee: Mace              |    84 |   110 |       |       ||   194
         Punch             |       |     1 |     5 |     2 ||     8
         Hand axe          |       |    46 |   327 |       ||   373
         Battleaxe         |       |       |   100 |   194 ||   294
         Broad axe         |       |       |       |   278 ||   278
  Throw: Javelin           |       |       |       |    12 ||    12
 Invoke: Berserk           |     1 |     1 |     3 |     2 ||     7
Ability: Evoke Blink       |       |       |       |     3 ||     3
  Evoke: Wand              |       |       |       |     3 ||     3
    Use: Scroll            |       |     4 |    10 |    10 ||    24
         Potion            |       |     1 |       |     7 ||     8
   Stab: Distracted        |       |       |       |     1 ||     1
 Armour: Animal skin       |    17 |       |       |       ||    17
         Ring mail         |    56 |   120 |       |       ||   176
         Chain mail        |       |    24 |   205 |       ||   229
         Plate armour      |       |       |   249 |   119 ||   368
         Scale mail        |       |       |       |   476 ||   476
         Skin              |       |       |       |     3 ||     3
  Dodge: Dodged            |    74 |   151 |   238 |   366 ||   829
         Repelled          |       |       |       |     2 ||     2

Table legend: (Time is in decaauts)
 A = Elapsed time spent in this place.
 B = Non-inter-level travel time spent in this place.
 C = Inter-level travel time spent in this place.
 D = Time resting spent in this place.
 E = Time spent auto-exploring this place.
 F = Levels seen in this place.
 G = Mean time per level.
                   A        B        C        D        E       F      G
               +--------+--------+--------+--------+--------+-----+--------+
         Total |  13217 |  12687 |    530 |   1410 |   6234 |  15 |  881.1 |
       Dungeon |  12401 |  11871 |    530 |   1349 |   6094 |  12 | 1033.4 |
         Trove |    111 |    111 |      0 |      0 |      0 |   1 |  111.0 |
       Ossuary |    404 |    404 |      0 |      0 |     85 |   1 |  404.0 |
        Bailey |    299 |    299 |      0 |     61 |     55 |   1 |  299.0 |
               +--------+--------+--------+--------+--------+-----+--------+

Top non-repeatable levels by time:
    D:11: 1294 daAuts
     D:2: 1240 daAuts
     D:7: 1213 daAuts
     D:5: 1199 daAuts
     D:6: 1178 daAuts
     D:4: 1087 daAuts
    D:10: 988 daAuts
     D:3: 929 daAuts
     D:8: 882 daAuts
     D:1: 828 daAuts
     D:9: 798 daAuts
    D:12: 761 daAuts
 Ossuary: 404 daAuts
  Bailey: 299 daAuts
   Trove: 111 daAuts
